 Dungeon Crawl Stone Soup version bcrawl-1.23.3-19-gdc5968f444 (webtiles) character file.

Game seed: 5166498789431234856

141 Freyura the Twirler (level 5, -5/40 HPs)
             Began as a Demonspawn Gladiator on June 9, 2020.
             Was an Initiate of Makhleb.
             Slain by Grinder (6 damage)
             ... on level 3 of the Dungeon.
             The game lasted 00:07:28 (2015 turns).

Freyura the Twirler (Demonspawn Gladiator)          Turns: 2015, Time: 00:07:28

Health: -5/40      AC:  7    Str: 15    XL:     5   Next: 3%
Magic:  0/5        EV:  0    Int:  9    God:    Makhleb [......]
Gold:   171        SH: 11    Dex: 15    Spells: 4/4 levels left

rFire    . . .     SeeInvis .   s - +1 mace
rCold    . . .     Gourm    .   m - +0 large shield
rNeg     . . .     Faith    .   b - +0 leather armour
rPois    .         Spirit   +   c - +0 helmet
rElec    .         Reflect  .   (no cloak)
rCorr    .         Harm     .   (no gloves)
MR       .....                  l - +0 pair of boots
Stlth    +.........             v - amulet of magic regeneration
HPRegen  0.13/turn              (no ring)
MPRegen  0.34/turn              (no ring)

@: no status effects
A: rugged brown scales 2, magic shield
a: Renounce Religion


You were on level 3 of the Dungeon.
You worshipped Makhleb.
Makhleb was noncommittal.
You were hungry.

You visited 1 branch of the dungeon, and saw 3 of its levels.

You collected 171 gold pieces.

Inventory:

Hand Weapons
 a - a +0 quarterstaff
 s - a +1 mace (weapon)
Missiles
 d - 3 throwing nets (quivered) {!f}
Armour
 b - a +0 leather armour (worn)
 c - a +0 helmet (worn)
 l - a +0 pair of boots (worn)
 m - a +0 large shield (worn)
Jewellery
 v - an amulet of magic regeneration (around neck)
Scrolls
 g - a scroll of remove curse
 k - a scroll of identify
 o - a scroll of enchant weapon
 q - a scroll of teleportation
Potions
 h - 2 potions of resistance
 i - a potion of might {unknown}
 j - 3 potions of magic {unknown}
 p - a potion of curing {unknown}
 r - a potion of lignification {unknown}
 t - a potion of berserk rage {unknown}
 w - a potion of brilliance {unknown}
Comestibles
 e - 3 rations {!d}


   Skills:
 + Level 2.7 Fighting
 + Level 0.0(2.1) Maces & Flails
 - Level 3.7 Staves
 - Level 1.7 Throwing
 + Level 1.6 Armour
 + Level 3.2 Dodging
 + Level 1.1 Shields
 + Level 0.2 Invocations


You had 4 spell levels left.
You didn't know any spells.
Your spell library was empty.

Dungeon Overview and Level Annotations

Branches:
Dungeon (3/12)

Altars:
Makhleb

Annotations:
D:3 Grinder


Innate Abilities, Weirdness & Mutations

You are mostly covered in rugged brown scales. (AC +2, +5% HP)
When hurt, damage is shared between your health and your magic reserves.


Message History

You block Grinder's attack. Grinder gestures at you.
You shrug off the repeated paralysis!
You closely miss Grinder.
A giant cockroach comes into view.
Grinder hits you.
You writhe in agony.
The giant cockroach moves out of view.
You completely miss Grinder. Grinder gestures at you.
You barely resist. Grinder hits you.
You writhe in agony.
* * * LOW HITPOINT WARNING * * *
Your shield prevents you from hitting Grinder.
You block Grinder's attack. Grinder hits you!
* * * LOW HITPOINT WARNING * * *
You writhe in agony.
* * * LOW HITPOINT WARNING * * *
You hit Grinder.
Grinder is lightly wounded.
Grinder gestures at you.
You barely resist. Grinder hits you!
You die...

..# ##.## ...#
#..### #....#
######....#
+...Z..Z..#
####5#....##
#@#.....#
#.#..g..#
#.#...ยง.h...h.
#+#####.###.#.
.# # .. # ...
#.## ..


You could see Grinder and a worker ant zombie.

Vanquished Creatures
  A hound (D:2)
  4 gnolls (D:2)
  An adder skeleton (D:2)
  2 dart slugs (D:2)
  6 leopard geckos
  5 bats
  8 goblins (D:1)
  9 hobgoblins
  3 jackals (D:3)
  6 kobolds
  A quokka (D:2)
  A ball python (D:3)
  3 frilled lizards
  8 rats
58 creatures vanquished.

Notes
Turn   | Place    | Note
-------+----------+-------------------------------------------
     0 | D:1      | Freyura the Demonspawn Gladiator began the quest for the
                  | Orb.
     0 | D:1      | Reached XP level 1. HP: 16/16 MP: 1/1
   229 | D:1      | Gained mutation: You are partially covered in rugged brown
                  | scales. (AC +1, +3% HP) [demonic ancestry]
   229 | D:1      | Reached XP level 2. HP: 10/22 MP: 2/2
   991 | D:1      | Reached XP level 3. HP: 28/28 MP: 3/3
  1257 | D:2      | Found a burning altar of Makhleb.
  1264 | D:2      | Reached skill level 1 in Armour
  1264 | D:2      | Gained mutation: When hurt, damage is shared between your
                  | health and your magic reserves. [demonic ancestry]
  1264 | D:2      | Reached XP level 4. HP: 27/35 MP: 4/4
  1344 | D:2      | Reached skill level 1 in Shields
  1914 | D:2      | Became a worshipper of Makhleb the Destroyer
  1986 | D:3      | Noticed Grinder
  1999 | D:3      | Gained mutation: You are mostly covered in rugged brown
                  | scales. (AC +2, +5% HP) [demonic ancestry]
  1999 | D:3      | Reached XP level 5. HP: 32/40 MP: 5/5
  2009 | D:3      | Paralysed by Grinder for 2 turns
  2014 | D:3      | HP: 1/40 [Grinder (3)]
  2015 | D:3      | Slain by Grinder

Skill      XL: |  1  2  3  4 |
---------------+-------------+-----
Staves         | 3 |  3.7
Armour         | 1 |  1.6
Dodging        | 3 |  3.2
Shields        | 1 |  1.1
Fighting       | |  2.7
Throwing       | |  1.7
Invocations    | |  0.2

Action                   |  1- 3 |  4- 6 || total
-------------------------+-------+-------++-------
Melee: Quarterstaff      |    91 |    78 ||   169
       Mace              |       |    21 ||    21
  Use: Scroll            |       |     7 ||     7
 Stab: Distracted        |       |     1 ||     1
  Eat: Chunk             |     1 |     2 ||     3
Armor: Leather armour    |    35 |    37 ||    72
Dodge: Dodged            |    71 |    65 ||   136
Block: Large shield      |       |    26 ||    26
